 Dungeon Crawl Stone Soup version 0.30.0-5-g1a98f26d00 (webtiles) character file.

Game seed: 15989124672085730804

604 qeuew the Covered (level 7, -2/91 HPs)
             Began as a Minotaur Fighter on May 8, 2023.
             Slain by a water moccasin (4 damage)
             ... on level 5 of the Dungeon.
             The game lasted 00:03:23 (2921 turns).

qeuew the Covered (Minotaur Fighter)                Turns: 2921, Time: 00:03:24

Health: -2/91      AC:  3    Str: 17 (20) XL:     7   Next: 18%
Magic:  6/6        EV: 12    Int:  1 (5)  God:
Gold:   254        SH:  5    Dex: 13 (14) Spells: 6/6 levels left

rFire   . . .        a - +0 war axe
rCold   . . .        c - +0 buckler
rNeg    + . .        k - +1 leather armour of Death Resistance {Regen+ Dex+2}
rPois   .            (helmet restricted)
rElec   .            (no cloak)
rCorr   .            (no gloves)
SInv    .            (no boots)
Will    .....        (no amulet) Stlth
                     b - ring of positive energy
HPRegen 1.15/turn    (no ring)
MPRegen 0.10/turn

%: no passive effects
@: mighty, berserking, lethally poisoned (-2 -> -4), very quick
A: horns 2, retaliatory headbutt, talons 1, deformed body, deterioration 1
a: no special abilities


You were on level 5 of the Dungeon.
You visited 1 branch of the dungeon, and saw 5 of its levels.

You collected 254 gold pieces.

Inventory:

Hand Weapons
 a - a +0 war axe (weapon)
Armour
 c - a +0 buckler (worn)
 k - the +1 leather armour of Death Resistance (worn) {Regen+ Dex+2}
   (You found it on level 3 of the Dungeon)

   Dex:       It affects your dexterity (+2).
   Regen:     It increases your rate of health regeneration.
Jewellery
 b - a ring of positive energy (left hand)
Scrolls
 g - a scroll of fog
Potions
 d - 2 potions of might
 f - a potion of curing


   Skills:
 + Level 5.2 Fighting
 + Level 4.3 Axes
 * Level 6.5 Armour
 + Level 3.0 Dodging
 + Level 5.2 Shields


You had 6 spell levels left.
You didn't know any spells.
Your spell library contained the following spells:

 Spells                   Type           Power      Damage    Failure   Level
 Call Canine Familiar     Summ           0%         N/A       97%         3
 Hailstorm                Conj/Ice       0%         3d3       97%         3
 Portal Projectile        Hex/Tloc       0%         N/A       97%         3
 Ice Form                 Ice/Tmut       0%         N/A       100%        4
 Leda's Liquefaction      Hex/Erth       0%         N/A       100%        4
 Simulacrum               Ice/Necr       0%         N/A       100%        6


Dungeon Overview and Level Annotations

Branches:
Dungeon (5/15)
 Temple: D:4-7

Altars:
Vehumet

Annotations:
D:5 Eustachio


Innate Abilities, Weirdness & Mutations

You have a pair of horns on your head.
You reflexively headbutt those who attack you in melee.
You have sharp toenails.
Armour fits poorly on your strangely shaped body.
Your body sometimes deteriorates upon taking damage.


Message History

You hit the water moccasin but do no damage.
Your headbutt misses the water moccasin.
The water moccasin is severely wounded.
You feel extremely sick.
The gnoll hits you from afar with a +0 spear!
The water moccasin bites you but does no damage.
The water moccasin bites you.
* * * LOW HITPOINT WARNING * * *
The gnoll barely misses you.
You are too injured to fight recklessly!
You feel better. The water moccasin bites you.
* * * LOW HITPOINT WARNING * * *
You are poisoned.
The water moccasin poisons you! You block the gnoll's attack.
You feel very mighty all of a sudden.
You feel very sick. The water moccasin bites you.
* * * LOW HITPOINT WARNING * * *
The gnoll hits you from afar with a +0 spear.
* * * LOW HITPOINT WARNING * * *
The water moccasin closely misses you.
A red film seems to cover your vision as you go berserk!
You feel yourself moving faster!
You feel mighty!
You feel very sick. The water moccasin bites you.
* * * LOW HITPOINT WARNING * * *
The gnoll closely misses you.
Unknown command.
You miss the water moccasin. You claw the water moccasin.
Your headbutt misses the water moccasin.
The water moccasin is severely wounded.
You feel very sick. The water moccasin misses you.
The gnoll hits you from afar with a +0 spear.
* * * LOW HITPOINT WARNING * * *
You closely miss the water moccasin.
The water moccasin is severely wounded.
* * * LOW HITPOINT WARNING * * *
You feel sick. The water moccasin bites you.
You die...

.. #. .P .### ..# #.# ##
##### #.###...#
....###########$@Sgb#
..........(.....##gg...#
.)...############ @....
.)..###### ....
.)...))).# ...
....####....# .. ....#
##... . ....# # ....#


You could see Eustachio, a water moccasin, 3 gnolls and a bat (summoned).

Vanquished Creatures
  Grinder (D:3)
  A phantom (D:4)
  A jelly (D:4)
  3 orc priests
  A hound (D:4)
  A sleepcap (D:4)
  An iguana (D:5)
  A gnoll (D:1)
  4 adders
  2 worms (D:2)
  A dart slug (D:2)
  11 orcs
  4 ball pythons
  8 endoplasms
  3 giant cockroaches
  11 goblins
  9 hobgoblins
  4 jackals (D:4)
  4 kobolds (D:2)
  3 quokkas
  6 bats
  6 frilled lizards
  3 rats
89 creatures vanquished.

Notes
Turn   | Place    | Note
-------+----------+-------------------------------------------
     0 | D:1      | qeuew the Minotaur Fighter began the quest for the Orb.
     0 | D:1      | Reached XP level 1. HP: 19/19 MP: 0/0
   121 | D:1      | Reached XP level 2. HP: 19/27 MP: 1/1
   155 | D:1      | Reached skill level 4 in Armour
   260 | D:1      | Reached XP level 3. HP: 13/33 MP: 2/2
   418 | D:1      | Reached skill level 1 in Dodging
   988 | D:2      | Reached XP level 4. HP: 37/40 MP: 3/3
  1422 | D:2      | Gained mutation: Armour fits poorly on your strangely
                  | shaped body. [potion of mutation]
  1422 | D:2      | Gained mutation: Your body sometimes deteriorates upon
                  | taking damage. [potion of mutation]
  1422 | D:2      | Gained mutation: You have sharp toenails. [potion of
                  | mutation]
  1608 | D:3      | Found a radiant altar of Vehumet.
  1725 | D:3      | Noticed Grinder
  1744 | D:3      | Killed Grinder
  1745 | D:3      | Reached skill level 5 in Armour
  1745 | D:3      | Reached XP level 5. HP: 35/47 MP: 4/4
  1745 | D:3      | Reached XP level 6. HP: 40/53 MP: 5/5
  1820 | D:3      | Identified the +1 leather armour of Death Resistance
                  | {Regen+ Dex+2}
  2453 | D:4      | Reached skill level 6 in Armour
  2483 | D:4      | Reached skill level 5 in Shields
  2531 | D:4      | Reached skill level 5 in Fighting
  2559 | D:4      | Reached XP level 7. HP: 49/61 MP: 6/6
  2838 | D:5      | Entered Level 5 of the Dungeon
  2913 | D:5      | Noticed Eustachio
  2920 | D:5      | HP: 2/91 [gnoll/+0 spear (6)]
  2921 | D:5      | Slain by a water moccasin

Illustrated notes

Levels and vault maps discovered:
D:1:      matt_arrival_los_fun, layout_rooms, hex_large
D:2:      layout_loops_ring, serial_bayou_lagoon_a, grunt_decor_junction
D:3:      layout_basic, mainiacjoe_overflow_catwalk, uniq_grinder
D:4:      layout_basic, chequers_serial_rivers_micro_b, feat_on_display
D:5:      layout_rooms, minmay_temple_entry_gardened_gates, nrook_pool_corridor,
          serial_bayou_pond_c, uniq_prince_ribbit1, uniq_eustachio

Skill      XL: |  1  2  3  4  5  6  7 |
---------------+----------------------+-----
Armour         | 4 5 6 |  6.5
Dodging        | 1 2 3 |  3.0
Fighting       | 4 5 |  5.2
Shields        | 4 5 |  5.2
Axes           | 3 4 |  4.3

Action                     |  1- 3 |  4- 6 |  7- 9 || total
---------------------------+-------+-------+-------++-------
  Melee: War axe           |    74 |    82 |    33 ||   189
         Headbutt          |    11 |    15 |     5 ||    31
         Kick              |       |    18 |     9 ||    27
    Use: Scroll            |     3 |     1 |     1 ||     5
         Potion            |     2 |     5 |     3 ||    10
 Armour: Scale mail        |    36 |     8 |       ||    44
         Leather armour    |       |     4 |    10 ||    14
  Dodge: Dodged            |    28 |    30 |    26 ||    84
  Block: Buckler           |    19 |    17 |    10 ||    46
